 Dungeon Crawl Stone Soup version 0.26-a0-812-g31a745ddcd (webtiles) character file.

Game seed: 364147181362560819

673 Boiledbread the Magician (level 7, -1/61 HPs)
             Began as a Troll Hedge Wizard on Dec 7, 2020.
             Slain by an orc warrior
             ... wielding a +0 flail
              (15 damage)
             ... on level 4 of the Dungeon.
             The game lasted 00:52:35 (8241 turns).

Boiledbread the Magician (Troll Hedge Wizard)       Turns: 8241, Time: 00:52:35

Health: -1/61      AC:  9    Str: 19    XL:     7   Next: 33%
Magic:  0/11       EV: 10    Int: 12    God:
Gold:   317        SH:  0    Dex:  9    Spells: 11/13 levels left

rFire    . . .     SeeInvis .   e - +2 dagger (drain)
rCold    . . .     Faith    .   (no shield)
rNeg     . . .     Spirit   +   s - +2 robe {MR+}
rPois    .         Reflect  .   c - +0 hat
rElec    .         Harm     .   K - +0 cloak
rCorr    +         Rampage  .   (gloves unavailable)
MR       +....                  (boots unavailable)
Stlth    +.........             o - amulet of guardian spirit
HPRegen  0.60/turn              v - ring of resist corrosion
MPRegen  0.12/turn              (no ring)

@: no status effects
A: large, unfitting armour, claws 3, regeneration 1, shaggy fur 1, tough skin 3
a: no special abilities


You were on level 4 of the Dungeon.
You visited 2 branches of the dungeon, and saw 7 of its levels.

You collected 317 gold pieces.

Inventory:

Hand Weapons
 a - a +0 short sword
 e - a +2 dagger of draining (weapon)
 f - a +0 flail
 h - a +1 flail of draining
 E - a +0 rapier
 F - a +2 dagger of freezing
Missiles
 p - 138 stones (quivered)
 G - 8 boomerangs
Armour
 b - a +0 robe
 c - a +0 hat (worn)
 d - a +0 leather armour of cold resistance
 g - a cursed +0 scale mail
 l - a cursed +0 robe
 q - a +0 robe
 s - a +2 robe of magic resistance (worn)
 w - the +2 robe of Kaaxeg {Int+4, unknown}
   (You found it on level 4 of the Dungeon)

   It affects your intelligence (+4).
 x - a +0 robe
 A - a +0 robe
 K - a +0 cloak (worn)
Jewellery
 o - an amulet of guardian spirit (around neck)
 v - a ring of resist corrosion (left claw)
Wands
 C - a wand of digging (6)
 D - a wand of flame (17)
Scrolls
 k - 2 scrolls of teleportation
 t - a scroll of enchant weapon
 y - 2 scrolls of amnesia
 z - 3 scrolls of identify
 B - a scroll of remove curse
 H - 2 scrolls of blinking {unknown}
 J - a scroll of magic mapping {unknown}
Potions
 i - a potion of heal wounds {unknown}
 j - 3 potions of curing {unknown}
 m - a potion of flight {unknown}
 n - a potion of invisibility {unknown}
 r - a potion of attraction {unknown}
 u - a potion of degeneration {unknown}
 I - a potion of resistance {unknown}


   Skills:
 + Level 0.7 Fighting
 + Level 1.5 Short Blades
 + Level 2.6 Dodging
 + Level 1.3 Stealth
 + Level 3.8 Spellcasting
   Level 0.9 Conjurations
 + Level 3.3 Summonings
   Level 0.6 Translocations


You had 11 spell levels left.
You knew the following spells:

 Your Spells              Type           Power        Failure   Level
b - Call Imp              Summ           ##......     9%          2

Your spell library contained the following spells:

 Spells                   Type           Power        Failure   Level
 Magic Dart               Conj           #...         16%         1
 Blink                    Tloc           N/A          26%         2
 Slow                     Hex            #.......     34%         2
 Conjure Flame            Conj/Fire      #.......     50%         3
 Mephitic Cloud           Conj/Pois/Air  #.......     52%         3


Dungeon Overview and Level Annotations

Branches:
Dungeon (6/15)             Temple (1/1) D:4

Altars:
Makhleb
Qazlal
Trog
Vehumet
Zin


Innate Abilities, Weirdness & Mutations

You are too large for most types of armour.
You have claws for hands.
Your natural rate of healing is unusually fast.
You are covered in fur. (AC +1)
You have extremely tough skin. (AC +3)


Message History

The orc warrior hits you with a +0 flail.
You barely miss the orc warrior.
The orc warrior is heavily wounded.
Your shadow imp hits the orc warrior but does no damage.
You hit the orc warrior.
The orc warrior is heavily wounded.
The orc warrior hits you with a +0 flail!
* * * LOW HITPOINT WARNING * * *
Your shadow imp barely misses the orc warrior.
Your shadow imp gestures at the orc warrior.
The orc warrior struggles to resist.
Your shadow imp disappears in a puff of smoke!
There is a stone staircase leading up here.
The orc warrior hits you with a +0 flail!
* * * LOW HITPOINT WARNING * * *
You climb upwards.
There is a stone staircase leading down here.
There is an escape hatch in the ceiling here.
The orc warrior hits you with a +0 flail!
You die...

.......# #..........##
.......###)##......##
.........#......#.##
......#.........###
.....###...#.#.###
...........###...#
###........>##...# #
##..#..........#
#.###.....##o@#
###.##..)...##.####
##..)##.##...####..##
.#.......##.....#...#
.....#....#.........#
....#....)....#....##
........##...##.....##
.........##.###......#
..........#..##..#..##


You could see an orc warrior.

Vanquished Creatures
  A sky beast (D:5)
  A necrophage (D:5)
  A howler monkey (D:5)
  An orc wizard (D:4)
  An iguana (D:5)
  A hound skeleton (D:4)
  A gnoll (D:1)
  3 adders
  A white imp (D:5)
  An adder zombie (D:6)
  A dart slug (D:1)
  A leopard gecko (D:5)
  6 orcs
  3 giant cockroaches
  8 goblins
  11 hobgoblins
  A jackal (D:6)
  A bat (D:1)
  2 frilled lizards (D:1)
  3 rats
49 creatures vanquished.

Vanquished Creatures (collateral kills)
  A sky beast (D:5)
  2 ogres (D:4)
  2 bullfrogs (D:6)
  A hound (D:5)
  2 orc wizards
  A bullfrog skeleton (D:6)
  2 adders
  2 oozes
  An adder zombie (D:5)
  An adder skeleton (D:5)
  2 worms
  3 dart slugs
  A leopard gecko (D:2)
  5 orcs
  7 goblins
  8 hobgoblins
  A jackal (D:6)
  4 kobolds
  A quokka (D:3)
  5 bats
  7 frilled lizards
  6 rats
65 creatures vanquished.

Grand Total: 114 creatures vanquished

Notes
Turn   | Place    | Note
-------+----------+-------------------------------------------
     0 | D:1      | Boiledbread the Troll Hedge Wizard began the quest for the
                  | Orb.
     0 | D:1      | Reached XP level 1. HP: 16/16 MP: 2/2
   233 | D:1      | Reached XP level 2. HP: 24/24 MP: 0/4
   245 | D:1      | Learned a level 2 spell: Call Imp
   928 | D:1      | Reached XP level 3. HP: 31/31 MP: 2/5
   931 | D:1      | Reached skill level 1 in Summonings
  1646 | D:2      | Noticed an air elemental
  1648 | D:2      | Found a stormy altar of Qazlal.
  1651 | D:2      | Noticed an earth elemental
  1651 | D:2      | Noticed a fire elemental
  1651 | D:2      | Noticed a water elemental
  2690 | D:2      | Reached XP level 4. HP: 39/39 MP: 1/6
  2740 | D:2      | Found a radiant altar of Vehumet.
  4204 | D:3      | Found a bloodstained altar of Trog.
  4648 | D:4      | Found a staircase to the Ecumenical Temple.
  4705 | D:2      | Found a burning altar of Makhleb.
  4758 | D:2      | You fall into a shaft and drop 1 floor!
  5059 | Temple   | Entered the Ecumenical Temple
  5106 | D:4      | Reached skill level 1 in Short Blades
  5106 | D:4      | Reached XP level 5. HP: 44/45 MP: 3/8
  5250 | D:4      | Noticed an ogre
  5257 | D:4      | Killed an ogre
  5395 | D:4      | Got a slimy robe
  5684 | D:4      | Noticed an ogre
  5765 | D:4      | Killed an ogre
  5765 | D:4      | Reached XP level 6. HP: 28/54 MP: 0/9
  6014 | D:5      | Entered Level 5 of the Dungeon
  6682 | D:5      | Noticed a sky beast
  6691 | D:5      | Killed a sky beast
  6890 | D:5      | Noticed a sky beast
  6941 | D:5      | Killed a sky beast
  6941 | D:5      | Reached XP level 7. HP: 60/61 MP: 4/11
  8241 | D:4      | Slain by an orc warrior

Illustrated notes

Levels and vault maps discovered:
D:1:      saegor_arrival_simple_a, layout_basic
D:2:      lemuel_upstairs_altar, layout_loops_corners,
          nicolae_overflow_hidden_temple, nicolae_qazlal_style_of_elements
D:3:      layout_loops_ring, lemuel_round_altar
D:4:      layout_cave_pools, ebering_dispersal_statue_hall, minmay_ogre_servants
D:5:      layout_layer_cave, eino_tiny_chamber
D:6:      layout_rooms, elyvilon_altar_5
Temple:   dshaligram_water_room_temple

Skill      XL: |  1  2  3  4  5  6 |
---------------+-------------------+-----
Dodging        | 2 |  2.6
Summonings     | 1 2 3 |  3.3
Short Blades   | 1 |  1.5
Spellcasting   | 3 |  3.8
Fighting       | |  0.7
Stealth        | |  1.3
Conjurations   | |  0.9
Translocations | |  0.6

Action                   |  1- 3 |  4- 6 |  7- 9 || total
-------------------------+-------+-------+-------++-------
Melee: Dagger            |    96 |   140 |    17 ||   253
 Cast: Magic Dart        |     8 |       |       ||     8
       Call Imp          |    39 |    85 |    20 ||   144
  Use: Scroll            |     5 |     3 |       ||     8
 Stab: Distracted        |       |     2 |       ||     2
Armor: Robe              |    38 |    68 |    21 ||   127
Dodge: Dodged            |    43 |    86 |    22 ||   151

Table legend: (Time is in decaauts)
 A = Elapsed time spent in this place.
 B = Non-inter-level travel time spent in this place.
 C = Inter-level travel time spent in this place.
 D = Time resting spent in this place.
 E = Time spent auto-exploring this place.
 F = Levels seen in this place.
 G = Mean time per level.
                   A        B        C        D        E       F      G
               +--------+--------+--------+--------+--------+-----+--------+
         Total |   8237 |   7725 |    512 |   1010 |   5165 |   7 | 1176.7 |
       Dungeon |   8235 |   7723 |    512 |   1010 |   5165 |   6 | 1372.5 |
        Temple |      1 |      1 |      0 |      0 |      0 |   1 |    1.0 |
               +--------+--------+--------+--------+--------+-----+--------+

Top non-repeatable levels by time:
     D:5: 1940 daAuts
     D:3: 1775 daAuts
     D:2: 1746 daAuts
     D:1: 1384 daAuts
     D:4: 1111 daAuts
     D:6: 277 daAuts
  Temple: 1 daAuts
